 Dungeon Crawl Stone Soup version 0.25-a0-424-g80bd347ae0 (webtiles) character file.

Game seed: 7985222385447315696, levelgen mode: deterministic

11309 tilp the Zephyrmancer (level 11, -6/68 HPs)
             Began as a Tengu Air Elementalist on Jan 23, 2020.
             Was an Elder of Sif Muna.
             Killed by nerve-wracking pain
             ... invoked by a tormentor
              (14 damage)
             ... in a Gauntlet.
             The game lasted 00:39:12 (15573 turns).

tilp the Zephyrmancer (Tengu Air Elementalist)     Turns: 15573, Time: 00:39:13

Health: -6/68      AC:  8    Str:  9    XL:     11   Next: 75%
Magic:  3/21       EV: 21    Int: 18    God:    Sif Muna [****..]
Gold:   367        SH:  0    Dex: 15    Spells: 3/22 levels left

rFire    . . .     SeeInvis .   a - +2 dagger (speed)
rCold    . . .     Gourm    .   (no shield)
rNeg     . . .     Faith    +   i - +0 robe
rPois    .         Spirit   .   (helmet restricted)
rElec    .         Reflect  .   w - +2 cloak
rCorr    .         Harm     .   M - +2 pair of gloves
MR       .....     NoTele   +   (boots unavailable)
Stlth    +++.......             u - amulet of faith
HPRegen  0.21/turn              (no ring)
MPRegen  0.17/turn              (no ring)

@: flying quickly and evasively, quick
A: beak, talons 3, able to fly
a: Stop Flying, Channel Magic, Forget Spell, Divine Exegesis, Renounce Religion


You were in a Gauntlet.
You worshipped Sif Muna.
Sif Muna was greatly pleased with you.
You were very hungry.

You visited 2 branches of the dungeon, and saw 12 of its levels.
You also visited: Gauntlet.

You collected 619 gold pieces.
You spent 252 gold pieces at shops.

Inventory:

Hand Weapons
 a - a +2 dagger of speed (weapon)
 L - a +1 battleaxe of flaming
Missiles
 l - 5 javelins
 r - 14 poisoned darts (quivered)
 y - 19 boomerangs
 F - 2 throwing nets
 G - 2 atropa-tipped darts
Armour
 i - a +0 robe (worn)
 w - a +2 cloak (worn)
 M - a +2 pair of gloves (worn)
Magical Staves
 J - an uncursed staff of summoning {unknown}
Jewellery
 d - the amulet of the Four Winds {rN+ MR+++ Clar}
   (You found it in a Gauntlet)

   [amulet of nothing]

   It protects you from negative energy.
   It affects your resistance to hostile enchantments.
   It protects you against confusion.
 s - an uncursed ring of ice
 u - an amulet of faith (around neck)
Wands
 f - a wand of polymorph (5)
 C - a wand of acid (2)
 D - a wand of iceblast (14)
 E - a wand of flame (10)
Scrolls
 e - 4 scrolls of identify
 h - a scroll of enchant weapon {unknown}
 k - a scroll of fear
 n - 4 scrolls of remove curse
 o - a scroll of amnesia {unknown}
 p - 2 scrolls of magic mapping
 v - a scroll of torment {unknown}
 K - a scroll of random uselessness {unknown}
Potions
 b - 3 potions of cancellation
 g - a potion of lignification
 j - 4 potions of heal wounds
 m - 2 potions of berserk rage
 q - 3 potions of agility
 t - 5 potions of curing
 B - a potion of might
 H - a potion of haste
Comestibles
 c - 13 rations


   Skills:
 - Level 8.2 Fighting
 - Level 8.4 Dodging
 - Level 4.0 Stealth
 + Level 6.0 Spellcasting
 + Level 6.0 Conjurations
 + Level 0.0 Charms
 * Level 10.1 Air Magic
 - Level 8.0 Invocations
 - Level 4.0 Evocations


You had 3 spell levels left.
You knew the following spells:

 Your Spells              Type           Power        Failure   Level  Hunger
a - Shock                 Conj/Air       ####         1%          1    None
b - Swiftness             Chrm/Air       ###.....     2%          2    None
c - Static Discharge      Conj/Air       ####....     1%          3    ##.....
d - Airstrike             Air            #####.....   1%          4    ####...
e - Lightning Bolt        Conj/Air       ####......   12%         5    #####..
f - Blink                 Tloc           N/A          19%         2    None
g - Shroud of Golubria    Chrm/Tloc      #.....       19%         2    None

Your spell library contained the following spells:

 Spells                   Type           Power        Failure   Level  Hunger
 Dazzling Flash           Conj/Hex       ###...       11%         3    ##.....
 Corona                   Hex            #......      12%         1    None
 Call Imp                 Summ           #.......     19%         2    None
 Ensorcelled Hibernation  Hex/Ice        #.....       19%         2    None
 Sticks to Snakes         Tmut           #.......     19%         2    None
 Confusing Touch          Hex            #.......     34%         3    ##.....
 Tukima's Dance           Hex            #.......     34%         3    ##.....


Dungeon Overview and Level Annotations

Branches:
Dungeon (11/15)            Temple (1/1) D:5            Lair (0/6) D:11
    Orc (0/2) D:9         Gauntlet (1/1)

Altars:
Ashenzari
Cheibriados
Dithmenos
Elyvilon
Fedhas
Gozag
Hepliaklqana
Kikubaaqudgha
Makhleb
Nemelex Xobeh
Okawaru
Qazlal
Ru
Sif Muna
Trog
Uskayaw
Vehumet
Wu Jian
Xom
Yredelemnul
Zin
The Shining One

Shops:
D:4 *

Annotations:
D:3 exclusion: oklob plant
D:10 Snorg Gauntlet 10 transporters, 21 runed translucent doors


Innate Abilities, Weirdness & Mutations

You have a beak for a mouth.
You have claws for feet.
You can fly continuously.


Message History

The tormentor closely misses you.
Evoke which item? (* to show all) (? for menu, Esc to quit)
Aiming: Corrosive Bolt
Press: ? - help, Shift-Dir - straight line The bolt of acid hits the tormentor but does no damage.
The tormentor is heavily wounded.
The tormentor calls on the powers of darkness!
Your body is wracked with pain!
* * * LOW HITPOINT WARNING * * *
Unknown command.
Evoke which item? (* to show all) (? for menu, Esc to quit)
Aiming: Corrosive Bolt
Press: ? - help, Shift-Dir - straight line The bolt of acid hits the tormentor!
The tormentor is splashed with acid.
The tormentor is almost dead.
The hell hound stops to sniff the ground.
The tormentor closely misses you. The tormentor misses you.
The tormentor gestures at you. Pain shoots through your body!
You die...

#≈............§≈§............≈#.©
#∩...∩........≈8§............∩#..
#≈.............§.............≈#.©
#..###########...###########..#..
#..#...##.##.#...#......#.!#..#..
#..###.##....#...#h....#...#..#.8
#..###....##[######....#...#..#..
#..#..###.##%#...#b##.#...)#..#.8
#.©##..##.#.©#©2@#bb.###..©#..#.
#..###.©.###.#...#t..©#.##=#..#
#..#..###.##.#####...#....##..#
#..###.###...#...#...#.....#..###
#..####...##.#.8.#..#......#..#8#
#..###########...###########..###
#.............................#
#≈...........................≈#
###############################


You could see a fire crab, a tormentor, a hell hound and 3 fire bats.

Vanquished Creatures
  Harold (D:8)
  A two-headed ogre (D:8)
  Pikel (D:8)
  A centaur zombie (D:10)
  2 polar bears (D:9)
  A troll (D:9)
  Prince Ribbit (D:8)
  2 hippogriffs
  6 wraiths (D:10)
  A wyvern (D:10)
  2 yaks
  Sigmund (D:3)
  A hungry ghost (D:7)
  Edmund (D:6)
  Duvessa (D:7)
  4 sky beasts
  8 ice beasts
  6 orc warriors
  8 ogres
  3 black bears
  2 phantoms
  4 centaurs
  A necrophage (D:7)
  2 wolves
  Blork the orc (D:6)
  4 bullfrogs
  A hornet simulacrum (D:9)
  Dowan (D:7)
  9 scorpions
  3 wights (D:6)
  An electric eel (D:9)
  3 howler monkeys
  3 crimson imps
  A bullfrog zombie (D:5)
  7 hounds
  2 jellies
  10 orc priests
  2 bullfrog skeletons
  6 iguanas
  9 orc wizards
  2 centaur skeletons
  Natasha (thrice) (D:4)
  3 worker ants
  A killer bee zombie (D:8)
  A hound zombie (D:7)
  A hound skeleton (D:6)
  2 worker ant zombies
  3 gnolls (D:6)
  13 adders
  5 white imps
  2 worker ant simulacra (D:9)
  5 ufetubi
  An ooze (D:5)
  An adder skeleton (D:9)
  2 worms (D:2)
  A dart slug (D:1)
  3 leopard geckos
  36 orcs
  15 bats
  8 giant cockroaches
  6 goblins
  6 hobgoblins
  11 jackals
  2 kobolds (D:2)
  6 quokkas
  7 frilled lizards
  A giant cockroach zombie (D:5)
  2 jackal zombies
  2 quokka skeletons
  3 rats
  3 fungi
  A plant (D:3)
282 creatures vanquished.

Notes
Turn   | Place    | Note
-------+----------+-------------------------------------------
     0 | D:1      | tilp the Tengu Air Elementalist began the quest for the
                  | Orb.
     0 | D:1      | Reached XP level 1. HP: 10/10 MP: 4/4
   337 | D:1      | Reached XP level 2. HP: 15/15 MP: 3/6
   369 | D:1      | Learned a level 2 spell: Swiftness
   947 | D:2      | Found a glowing silver altar of Zin.
   963 | D:2      | Reached XP level 3. HP: 19/19 MP: 1/7
   986 | D:2      | Learned a level 3 spell: Static Discharge
  1443 | D:2      | Reached XP level 4. HP: 19/24 MP: 0/8
  1906 | D:2      | Found a snail-covered altar of Cheibriados.
  2002 | D:2      | Reached skill level 5 in Conjurations
  2002 | D:2      | Reached skill level 5 in Air Magic
  2313 | D:3      | Noticed Sigmund
  2595 | D:3      | Gained mutation: You can fly continuously. [Tengu growth]
  2595 | D:3      | Reached XP level 5. HP: 28/28 MP: 4/9
  2987 | D:3      | Found a burning altar of Makhleb.
  3071 | D:3      | Found a blossoming altar of Fedhas.
  3097 | D:3      | Noticed an oklob plant
  3326 | D:4      | Found Butwoipa's Assorted Antiques.
  3812 | D:4      | Reached skill level 6 in Air Magic
  3812 | D:4      | Reached XP level 6. HP: 32/32 MP: 5/10
  3907 | D:4      | Noticed Natasha
  3911 | D:4      | Killed Natasha
  3978 | D:4      | Noticed Natasha
  3987 | D:4      | Killed Natasha
  4303 | D:4      | Noticed Natasha
  4315 | D:4      | Killed Natasha
  4563 | D:4      | Found an opulent altar of Gozag.
  4686 | D:5      | Entered Level 5 of the Dungeon
  4709 | D:5      | Reached XP level 7. HP: 33/36 MP: 1/14
  5090 | D:5      | Reached skill level 1 in Fighting
  5141 | D:5      | Found a staircase to the Ecumenical Temple.
  5160 | D:5      | Found a basalt altar of Yredelemnul.
  5169 | Temple   | Entered the Ecumenical Temple
  5175 | Temple   | Became a worshipper of Sif Muna the Loreminder
  5495 | Temple   | Learned a level 4 spell: Airstrike
  5499 | D:5      | Reached XP level 8. HP: 45/45 MP: 2/15
  6068 | D:4      | Bought a triangular brass amulet for 140 gold pieces
  6068 | D:4      | Bought a scroll of remove curse for 84 gold pieces
  6068 | D:4      | Bought a scroll labeled XOEPO JOGG for 28 gold pieces
  6138 | D:6      | Found a shimmering altar of Xom.
  6155 | D:6      | Noticed Edmund
  6253 | D:6      | Reached skill level 5 in Dodging
  6293 | D:6      | Found a sacrificial altar of Ru.
  6432 | D:6      | Reached * piety under Sif Muna
  6585 | D:6      | Reached skill level 1 in Invocations
  6788 | D:6      | Reached XP level 9. HP: 52/52 MP: 6/16
  6983 | D:6      | Found a glowing golden altar of the Shining One.
  7020 | D:6      | Noticed Blork the orc
  7309 | D:7      | Noticed Duvessa
  7309 | D:7      | Noticed Dowan
  7312 | D:7      | Killed Dowan
  7377 | D:7      | Reached skill level 7 in Air Magic
  7451 | D:7      | Reached skill level 5 in Spellcasting
  7671 | D:7      | Reached skill level 8 in Air Magic
  8127 | D:7      | You are sucked into a shaft and drop 3 floors!
  8127 | D:10     | Entered Level 10 of the Dungeon
  8142 | D:9      | Noticed a troll
  8168 | D:10     | Reached ** piety under Sif Muna
  8232 | D:10     | Reached skill level 9 in Air Magic
  8441 | D:10     | Reached skill level 10 in Air Magic
  8529 | D:10     | Reached XP level 10. HP: 52/58 MP: 1/20
  8648 | D:10     | Noticed Snorg
  8914 | D:10     | Reached skill level 5 in Fighting
  9540 | D:8      | Found a shattered altar of Ashenzari.
 10111 | D:8      | Noticed Prince Ribbit
 10136 | D:8      | Noticed Harold
 10144 | D:8      | Killed Harold
 10425 | D:8      | Noticed Pikel
 10564 | D:8      | Reached *** piety under Sif Muna
 10600 | D:8      | Noticed a two-headed ogre
 10684 | D:8      | Killed Pikel
 10805 | D:7      | Killed Duvessa
 10993 | D:7      | Reached skill level 1 in Evocations
 10993 | D:7      | Reached XP level 11. HP: 63/68 MP: 10/21
 11364 | D:8      | Killed a two-headed ogre
 11375 | D:8      | Reached skill level 5 in Invocations
 11472 | D:8      | Killed Prince Ribbit
 11549 | D:8      | Learned a level 5 spell: Lightning Bolt
 11704 | D:3      | Killed Sigmund
 12041 | D:6      | Killed Edmund
 12193 | D:6      | Killed Blork the orc
 12775 | D:8      | Reached **** piety under Sif Muna
 13212 | D:9      | Found a staircase to the Orcish Mines.
 14024 | D:9      | Reached ***** piety under Sif Muna
 14605 | D:10     | Found the +5 scythe "Finisher" {speed, eviscerate}
 14608 | D:10     | Identified Sif Muna's Casting in Simple Steps (Sif Muna
                  | gifted it to you on level 10 of the Dungeon)
 14608 | D:10     | Received a gift from Sif Muna
 14840 | D:10     | Learned a level 2 spell: Blink
 14844 | D:10     | Learned a level 2 spell: Shroud of Golubria
 15257 | D:11     | Found a gate leading to a gauntlet.
 15273 | Gauntlet | Entered a Gauntlet
 15273 | Gauntlet | Found a transporter.
 15273 | Gauntlet | Found a transporter.
 15274 | Gauntlet | Found a transporter.
 15274 | Gauntlet | Found a transporter.
 15274 | Gauntlet | Noticed a hell beast
 15277 | Gauntlet | Found a transporter.
 15279 | Gauntlet | Found a large runed translucent door.
 15280 | Gauntlet | Found a large runed translucent door.
 15281 | Gauntlet | Found a large runed translucent door.
 15281 | Gauntlet | Found a large runed translucent door.
 15281 | Gauntlet | Found a runed translucent door.
 15283 | Gauntlet | Found a large runed translucent door.
 15283 | Gauntlet | Found a runed translucent door.
 15284 | Gauntlet | Found a large runed translucent door.
 15284 | Gauntlet | Found a large runed translucent door.
 15284 | Gauntlet | Found a large runed translucent door.
 15285 | Gauntlet | Found a large runed translucent door.
 15286 | Gauntlet | Found a large runed translucent door.
 15290 | Gauntlet | Found a transporter.
 15296 | Gauntlet | Found a transporter.
 15297 | Gauntlet | Found a transporter.
 15297 | Gauntlet | Found a large runed translucent door.
 15298 | Gauntlet | Found a large runed translucent door.
 15298 | Gauntlet | Found a large runed translucent door.
 15298 | Gauntlet | Found a large runed translucent door.
 15299 | Gauntlet | Found a large runed translucent door.
 15300 | Gauntlet | Found a large runed translucent door.
 15309 | Gauntlet | Found a runed translucent gate.
 15309 | Gauntlet | Found a runed translucent gate.
 15309 | Gauntlet | Found a runed translucent gate.
 15311 | Gauntlet | Found a transporter.
 15334 | Gauntlet | Found a transporter.
 15361 | Gauntlet | Found a transporter.
 15418 | Gauntlet | Found the amulet of the Four Winds {rN+ MR+++ Clar}
 15433 | Gauntlet | Found a transporter.
 15433 | Gauntlet | Noticed a fire crab
 15567 | Gauntlet | a hell beast changed into a tormentor
 15573 | Gauntlet | Killed from afar by a tormentor

Levels and vault maps discovered:
D:1:      minmay_arrival_cross, layout_basic
D:2:      layout_basic, zin_statuary, cheibriados_altar_1, serial_forest,
          infiniplex_forest_lined_room_, infiniplex_forest_zigzag_1,
          infiniplex_forest_clump_small, infiniplex_forest_clump_cross,
          infiniplex_forest_side_room, infiniplex_forest_lined_4_way,
          infiniplex_forest_pool, infiniplex_forest_clump_long,
          minmay_pentomino_v2
D:3:      layout_basic, tgw_fedhas, makhleb_blood_cavern_becter, first_ration,
          uniq_sigmund
D:4:      layout_cave_pods, overflow_temple_1_default, serial_shops,
          kennysheep_mini, uniq_natasha
D:5:      layout_basic, lemuel_round_altar, minmay_temple_entry_ruins
D:6:      layout_loops_ring, tso_oasis_becter, basic_altar,
          hangedman_ru_absence, uniq_edmund, uniq_blork_the_orc
D:7:      old_forge, layout_basic, grunt_ogre_cave, minmay_misc_feat_ornament,
          uniq_duvessa
D:8:      layout_basic, cheibrodos_ashenzari_chains, uniq_pikel, uniq_harold,
          uniq_prince_ribbit1
D:9:      layout_cross, erik_orc_3, serial_ice, serial_ice_n, serial_ice_g,
          serial_ice_f, serial_ice_j, serial_ice_h, serial_ice_o, serial_ice_b,
          serial_ice_m, serial_ice_c, serial_ice_a, kennysheep_potato
D:10:     layout_long_grid, minmay_guarded_unrand_finisher, uniq_snorg
D:11:     layout_loops_corners, lair_entry_dummy, gauntlet_entry_generic,
          uniq_urug
Temple:   eino_narrow_crystal_temple
Gauntlet: gammafunk_gauntlet_shortcut [gammafunk_gauntlet_arena_crates,
          nicolae_gauntlet_swirl, gammafunk_gauntlet_arena_grid,
          nicolae_gauntlet_arena_blocks, nicolae_gauntlet_arena_x,
          minmay_gauntlet_arena_make_your_own_arena,
          nicolae_gauntlet_exit_dead_adventurers]

Skill      XL: |  1  2  3  4  5  6  7  8  9 10 11 |
---------------+----------------------------------+-----
Conjurations   | 2 4 5 6 |  6.0
Air Magic      | 5 6 10 | 10.1
Spellcasting   | 4 6 |  6.0
Fighting       | 2 4 8 |  8.2
Dodging        | 3 6 8 |  8.4
Stealth        | 3 4 |  4.0
Invocations    | 3 4 8 |  8.0
Evocations     | 1 4 |  4.0

Action                   |  1- 3 |  4- 6 |  7- 9 | 10-12 || total
-------------------------+-------+-------+-------+-------++-------
Melee: Dagger            |     5 |     2 |   148 |   279 ||   434
       Kick              |     1 |     1 |    40 |    69 ||   111
       Peck              |     1 |       |    20 |    61 ||    82
Throw: Dart              |       |     1 |     4 |    11 ||    16
       Javelin           |       |     1 |       |       ||     1
       Throwing net      |       |       |       |     2 ||     2
 Cast: Shock             |    55 |   102 |   158 |   187 ||   502
       Static Discharge  |       |     2 |    11 |    38 ||    51
       Airstrike         |       |       |    32 |    59 ||    91
       Lightning Bolt    |       |       |       |    11 ||    11
       Shroud of Golubri |       |       |       |     1 ||     1
Invok: Channel Magic     |       |       |       |     1 ||     1
 Abil: Fly               |       |     1 |       |       ||     1
Evoke: Wand              |       |       |       |    11 ||    11
  Use: Scroll            |       |    11 |     2 |     5 ||    18
       Potion            |       |       |       |     1 ||     1
 Stab: Distracted        |     1 |       |       |       ||     1
       Held in net/web   |       |       |       |     1 ||     1
       Sleeping          |       |       |       |     1 ||     1
  Eat: Chunk             |     2 |    11 |    11 |    24 ||    48
       Ration            |       |       |     2 |     3 ||     5
Armor: Robe              |     1 |     2 |    18 |    41 ||    62
Dodge: Dodged            |     8 |    16 |    92 |   277 ||   393

Table legend:
 A = Non-vault XP
 B = Vault XP
 C = Vault XP percentage of total XP
 D = Non-vault monster count
 E = Vault monster count
 F = Vault count percentage of total count
                 A         B        C        D         E       F
            +---------+---------+-------+---------+---------+-------
      Total |    9777 |    6380 |  39.5 |     209 |      69 |  24.8
            +---------+---------+-------+---------+---------+-------
        D:1 |      33 |       0 |   0.0 |      18 |       0 |   0.0
        D:2 |     112 |       3 |   2.6 |      20 |       2 |   9.1
        D:3 |      63 |     250 |  79.9 |       8 |       2 |  20.0
        D:4 |     244 |      35 |  12.5 |      14 |       1 |   6.7
        D:5 |     917 |       0 |   0.0 |      30 |       0 |   0.0
        D:6 |    1349 |     257 |  16.0 |      30 |       2 |   6.2
        D:7 |    1149 |     656 |  36.3 |      22 |      16 |  42.1
        D:8 |    2326 |    2177 |  48.3 |      28 |       5 |  15.2
        D:9 |    1405 |    1770 |  55.7 |      18 |      33 |  64.7
       D:10 |    2086 |    1232 |  37.1 |      20 |       8 |  28.6
       D:11 |      93 |       0 |   0.0 |       1 |       0 |   0.0
            +---------+---------+-------+---------+---------+-------
